Map: Hardwire LE

Players

Scarlett - Winner!

  • Race: Zerg Zerg
  • League: Master

TIME (Oliveira)

  • Race: Terran Terran

Event: DreamHack SC2 Masters Last Chance 2022

VOD

Have the link to the VOD?

Description

Time

  • Played on: Dec. 19, 2021, 6:57 p.m.
  • Length: 6:26

All games in this series

Show
View Real Time Build Order
Export as new Build Order

Scarlett Zerg - Winner!

Build Orders: Hatch First 

Get SALT Encoding   

  12  0:00  Drone  
  13  0:12  Overlord  
  13  0:17  Drone  
  14  0:30  Drone x2  
  16  0:47  Hatchery  
  15  0:51  Drone  
  15  0:54  Drone  
  17  0:57  Drone  
  18  1:08  Extractor  
  17  1:12  Spawning Pool  
  17  1:15  Drone  
  17  1:19  Drone  
  18  1:27  Drone  
  19  1:38  Drone  
  20  1:49  Drone  
  21  1:59  Queen x2  
  21  2:00  Zergling x4  
  27  2:11  Drone, Overlord  
  28  2:21  Hatchery  
  27  2:25  Drone  
  28  2:34  Drone x3  
  31  2:39  Metabolic Boost  
  31  2:43  Queen  
  33  2:47  Overlord  
  34  2:51  Drone  
  34  2:53  Drone  
  34  2:55  Drone  
  36  3:07  Drone  
  36  3:08  Drone x4  
  41  3:19  Drone, Queen, Overlord  
  44  3:36  Extractor  
  44  3:37  Extractor  
  44  3:38  Drone x6, Roach Warren  
  47  3:48  Drone  
  47  3:50  Drone  
  47  3:51  Drone x2, Overlord x2  
  50  3:58  Zergling x2  
  50  4:01  Zergling x4  
  50  4:02  Overlord  
  53  4:19  Roach x7  
  53  4:23  Roach  
  71  4:24  Roach  
  71  4:29  Roach x2  
  75  4:31  Roach  
  75  4:33  Overlord  
  77  4:39  Overlord  
  77  4:41  Ravager x2  
  79  4:53  Zergling x18  
  79  4:58  Overlord  
  79  4:59  Overlord  
  88  5:04  Ravager x2  
  90  5:14  Overlord x2  
  90  5:17  Ravager x2  
  92  5:23  Spore Crawler  
  92  5:24  Spore Crawler x2  
  87  5:30  Zergling x16  
  95  5:41  Zergling x8  
  96  5:49  Zergling x14  
  99  5:52  Ravager  
  99  5:56  Drone x3  
  103  5:58  Ravager x3  
  106  6:10  Drone x7  
Show
View Real Time Build Order
Export as new Build Order

TIME Terran 

Build Orders: Hellion Opening, Reaper Expand 

Get SALT Encoding   

  12  0:00  SCV  
  13  0:13  SCV  
  14  0:17  Supply Depot  
  14  0:25  SCV  
  15  0:38  SCV  
  15  0:40  Barracks  
  16  0:44  Refinery  
  16  0:50  SCV  
  17  1:02  SCV  
  18  1:14  SCV  
  19  1:28  Reaper, Orbital Command  
  20  1:39  Command Center  
  20  1:46  Supply Depot  
  21  1:54  SCV  
  21  2:00  Marine  
  22  2:06  SCV  
  23  2:09  Factory  
  23  2:18  SCV  
  23  2:22  Barracks Reactor  
  24  2:30  SCV  
  25  2:37  Command Center  
  25  2:42  SCV  
  26  2:52  Orbital Command  
  26  2:55  SCV  
  27  2:59  Starport  
  27  3:03  Refinery  
  27  3:07  SCV  
  27  3:11  Hellion  
  30  3:14  Hellion  
  30  3:18  SCV  
  30  3:19  SCV  
  34  3:20  Marine  
  35  3:30  SCV  
  35  3:32  SCV  
  37  3:35  Hellion x2  
  37  3:38  Viking  
  37  3:41  Barracks Tech Lab  
  43  3:46  SCV  
  43  3:47  SCV  
  45  3:50  Orbital Command  
  45  3:56  Hellion  
  45  3:57  Hellion  
  45  4:00  SCV  
  45  4:02  Supply Depot, SCV  
  51  4:08  Medivac  
  53  4:14  SCV, Armory  
  53  4:15  SCV  
  53  4:16  SCV  
  56  4:19  Hellion  
  56  4:22  Hellion  
  60  4:26  SCV  
  60  4:28  Supply Depot  
  61  4:33  SCV  
  61  4:38  Starport Reactor  
  62  4:41  Factory, SCV  
  62  4:42  Refinery  
  62  4:43  SCV  
  62  4:45  Refinery  
  64  4:46  Widow Mine x2  
  64  4:49  SCV  
  69  4:53  Supply Depot  
  69  4:58  SCV, Barracks Tech Lab  
  70  5:05  SCV  
  71  5:08  SCV  
  71  5:10  Barracks  
  71  5:11  SCV, Barracks  
  73  5:16  Widow Mine x2  
  73  5:17  SCV  
  73  5:20  Marauder  
  73  5:36  Supply Depot x3  
  73  5:37  Supply Depot x2  
  73  5:41  SCV, Siege Tank  
  69  5:49  Marauder  
  69  5:54  SCV  
  70  6:14  SCV  

Tags
 
Add a new tag
Caveats
  • Supply blocks, unpowered buildings, or Contaminate may cause inaccurate times.
  • Supply counts are checked every 10 seconds.